Map: Romanticide LE

Players

HellraiseR

  • Race: Protoss Protoss
  • League: Master
  • Spawn Location: 5:00

HeroMarine - Winner!

  • Race: Terran Terran
  • League: Grandmaster
  • Spawn Location: 11:00

Event: DreamHack SC2 Masters 2020 Winter

VOD

Have the link to the VOD?

Description

Time

  • Played on: Nov. 5, 2020, 10:42 a.m.
  • Length: 8:15

All games in this series

Show
View Real Time Build Order
Export as new Build Order

HellraiseR Protoss 

Build Orders: Proxy Void Ray 

Get SALT Encoding   

  12  0:09  Pylon  
  12  0:13  Probe  
  13  0:27  Gateway  
  13  0:30  Probe (Chrono Boost)  
  14  0:40  Assimilator, Probe (Chrono Boost)  
  15  0:45  Probe (Chrono Boost)  
  16  0:50  Assimilator  
  16  0:56  Probe  
  17  1:08  Probe  
  18  1:14  Cybernetics Core  
  18  1:20  Probe  
  18  1:22  Pylon  
  19  1:32  Probe  
  20  1:45  Probe  
  21  1:50  Stargate  
  21  1:51  Adept  
  23  1:57  Warp Gate, Probe  
  24  2:09  Probe  
  25  2:21  Probe  
  26  2:25  Void Ray (Chrono Boost)  
  26  2:30  Pylon  
  29  2:39  Adept  
  31  2:48  Probe  
  32  2:52  Void Ray (Chrono Boost)  
  32  3:02  Probe  
  35  3:10  Pylon  
  35  3:18  Pylon  
  35  3:29  Void Ray (Chrono Boost)  
  35  3:30  Gateway  
  35  3:31  Gateway  
  39  3:45  Shield Battery  
  39  3:55  Shield Battery  
  40  4:05  Phoenix  
  40  4:09  Stalker  
  43  4:13  Shield Battery  
  41  4:25  Stalker  
  41  4:26  Stalker  
  45  4:41  Pylon  
  45  4:52  Shield Battery  
  49  5:01  Twilight Council  
  49  5:05  Shield Battery  
  41  5:15  Nexus  
  41  5:17  Probe  
  42  5:29  Probe  
  43  5:40  Shield Battery  
  43  5:41  Probe  
  40  5:44  Charge, Dark Shrine  
  40  5:52  Pylon  
  40  5:53  Probe  
  41  6:03  Pylon  
  41  6:10  Probe  
  42  6:27  Pylon, Probe (Chrono Boost)  
  42  6:28  Probe (Chrono Boost)  
  44  6:36  Probe (Chrono Boost)  
  44  6:37  Probe (Chrono Boost)  
  46  6:41  Gateway, Probe x2 (Chrono Boost)  
  46  6:47  Shield Battery  
  48  6:53  Probe x2  
  50  6:56  Dark Templar x3  
  56  7:05  Probe x2  
  56  7:07  Pylon  
  58  7:10  Forge  
  58  7:18  Probe x2  
  58  7:28  Zealot x2  
  58  7:29  Zealot  
  62  7:30  Probe x2  
  62  7:42  Dark Templar, Probe x2  
  53  7:51  Zealot x3  
  59  7:54  Probe x2  
Show
View Real Time Build Order
Export as new Build Order

HeroMarine Terran - Winner!

Build Orders:  

Get SALT Encoding   

  12  0:00  SCV  
  13  0:12  SCV  
  14  0:17  Supply Depot  
  14  0:24  SCV  
  15  0:38  SCV  
  15  0:40  Barracks  
  16  0:43  Refinery  
  16  0:51  SCV  
  17  1:03  SCV  
  18  1:15  SCV  
  19  1:27  Marine, Orbital Command  
  20  1:40  Command Center  
  20  1:46  Barracks Reactor  
  20  1:52  Supply Depot  
  20  1:54  SCV  
  21  2:06  SCV  
  21  2:08  Factory  
  22  2:18  SCV  
  22  2:21  Bunker, Marine  
  22  2:22  Marine  
  25  2:30  SCV  
  25  2:34  Refinery  
  26  2:39  Marine  
  26  2:40  Marine  
  26  2:43  SCV  
  29  2:48  Bunker  
  29  2:56  Factory Tech Lab  
  29  2:57  Marine  
  29  2:58  Marine, SCV  
  32  3:05  Orbital Command  
  33  3:14  Cyclone  
  36  3:23  Starport, Marine  
  36  3:26  Marine  
  36  3:29  SCV  
  37  3:35  Supply Depot  
  37  3:40  Marine  
  37  3:41  SCV  
  39  3:42  SCV  
  39  3:43  Marine  
  41  3:49  Cyclone, Orbital Command  
  44  4:01  Marine x2  
  44  4:03  SCV  
  44  4:04  Viking  
  44  4:09  Supply Depot  
  47  4:19  Marine x2  
  48  4:24  Siege Tank  
  48  4:29  Barracks  
  51  4:35  SCV  
  51  4:37  Marine x2  
  51  4:41  Viking  
  52  4:55  Marine x2  
  54  5:01  Siege Tank  
  54  5:07  Supply Depot  
  57  5:09  Engineering Bay  
  57  5:13  Marine x2  
  60  5:17  Marine  
  60  5:20  Viking  
  61  5:30  Marine  
  61  5:31  Marine  
  61  5:35  Marine, SCV x2  
  57  5:42  Siege Tank  
  59  5:47  SCV x2  
  59  5:48  Marine x2  
  63  5:54  Barracks Tech Lab  
  63  5:59  Missile Turret, SCV x2  
  65  6:06  Marine x2  
  67  6:13  SCV  
  67  6:16  Orbital Command  
  69  6:19  Marine  
  69  6:20  Stimpack  
  69  6:24  Marine  
  70  6:28  Marine  
  70  6:29  SCV  
  70  6:31  Missile Turret  
  72  6:37  Marine  
  73  6:41  SCV  
  73  6:42  Marine, Barracks, SCV  
  73  6:46  Marine  
  78  6:56  Marine  
  78  6:58  Supply Depot  
  78  7:01  Supply Depot  
  78  7:07  Starport Reactor  
  78  7:10  Refinery  
  78  7:13  Supply Depot  
  78  7:19  Marine x2  
  78  7:20  SCV x2, Siege Tank  
  78  7:21  Marauder  
  85  7:28  Missile Turret  
  85  7:32  SCV x2  
  83  7:41  Marine x3  
  83  7:42  Marine  
  82  7:44  SCV x2  
  82  7:47  Missile Turret  
  83  7:56  SCV x2  
  89  8:05  Barracks Tech Lab  
Tags
 
Add a new tag
Caveats
  • Supply blocks, unpowered buildings, or Contaminate may cause inaccurate times.
  • Supply counts are checked every 10 seconds.